Map: Cerulean Fall LE

Players

Prholy

  • Race: Zerg Zerg
  • League: Platinum
  • Spawn Location: 1:00

Mesrob - Winner!

  • Race: Terran Terran
  • League: Gold
  • Spawn Location: 7:00

VOD

Have the link to the VOD?

Description

Time

  • Played on: Jan. 18, 2019, 6:15 p.m.
  • Length: 14:13
Show
View Real Time Build Order
Export as new Build Order

Prholy Zerg 

Build Orders: Hatch First, Roach Hydra 

Get SALT Encoding   

  12  0:01  Drone  
  13  0:21  Overlord  
  13  0:26  Drone  
  14  0:44  Hatchery  
  14  0:48  Drone  
  14  0:52  Drone  
  15  1:00  Drone x2  
  17  1:07  Extractor  
  17  1:09  Drone  
  17  1:21  Drone  
  18  1:25  Spawning Pool  
  17  1:33  Drone  
  18  1:46  Drone  
  19  1:52  Drone  
  20  1:59  Overlord  
  20  2:07  Drone  
  21  2:13  Queen x2  
  21  2:15  Zergling x4  
  27  2:20  Metabolic Boost  
  27  2:23  Drone  
  27  2:27  Drone  
  29  2:34  Drone  
  30  2:55  Queen  
  30  2:57  Hatchery  
  31  3:02  Drone x2  
  31  3:03  Drone  
  34  3:13  Baneling Nest  
  34  3:14  Drone x2  
  34  3:16  Drone  
  36  3:22  Overlord  
  36  3:38  Overlord x2  
  36  3:39  Queen  
  38  3:43  Drone x2  
  40  4:08  Drone  
  41  4:11  Overlord  
  41  4:12  Queen  
  43  4:19  Queen  
  43  4:21  Drone x3  
  43  4:22  Drone x3  
  51  4:26  Drone x2  
  51  4:27  Drone x2  
  55  4:32  Zergling x2  
  55  4:33  Zergling x4  
  58  4:39  Lair  
  58  4:40  Roach Warren  
  58  4:43  Extractor  
  56  4:46  Extractor  
  56  4:47  Extractor  
  56  4:48  Drone x3  
  56  4:49  Drone  
  56  4:51  Drone  
  59  4:53  Drone  
  59  4:56  Drone  
  59  4:57  Drone  
  59  4:58  Drone  
  63  5:01  Drone x2  
  63  5:03  Drone  
  66  5:13  Drone  
  67  5:14  Drone  
  67  5:15  Drone x2  
  67  5:20  Roach x2  
  74  5:22  Overlord x2  
  74  5:43  Queen  
  76  5:50  Hydralisk Den  
  76  5:51  Roach x3  
  78  6:17  Roach x2  
  78  6:18  Roach x3  
  88  6:37  Queen  
  90  6:40  Hatchery  
  90  6:41  Centrifical Hooks  
  90  6:42  Evolution Chamber  
  90  6:44  Grooved Spines  
  90  6:45  Zergling x4  
  90  6:50  Zergling x2  
  90  6:51  Zergling x6  
  90  6:59  Overlord  
  90  7:00  Overlord x3  
  90  7:04  Overlord x4  
  90  7:19  Overseer  
  90  7:23  Overlord x2  
  90  7:24  Drone, Overlord x4  
  90  7:25  Drone  
  90  7:27  Glial Reconstitution  
  92  7:30  Zerg Missile Weapons Level 1  
  92  7:31  Roach x2  
  92  7:32  Hydralisk x4, Roach x2  
  108  7:38  Zergling x6  
  111  7:59  Hatchery  
  110  8:07  Muscular Augments  
  110  8:08  Hydralisk x2  
  110  8:09  Hydralisk x2  
  110  8:10  Zergling x6  
  110  8:11  Zergling x14  
  127  8:44  Hydralisk x3, Roach x2  
  127  8:45  Hydralisk x3  
  127  8:46  Hydralisk x2  
  147  8:49  Zergling x2  
  147  8:50  Zergling x6  
  147  8:54  Queen  
  153  9:00  Drone x3  
  153  9:01  Infestation Pit, Drone x3  
  158  9:21  Hydralisk x2  
  158  9:22  Roach  
  158  9:23  Zergling x2, Roach x3  
  158  9:24  Zergling x12, Evolution Chamber x2  
  176  9:29  Baneling  
  176  9:30  Queen, Baneling x16  
  177  9:31  Baneling  
  177  9:32  Baneling x2  
  177  9:33  Baneling  
  177  10:05  Hydralisk x3, Roach x2  
  177  10:06  Queen, Hydralisk  
  192  10:07  Zergling x18  
  161  10:49  Hatchery, Roach x3  
  139  10:50  Roach x3  
  139  10:51  Zergling x2, Roach x3  
  139  10:52  Zergling x16  
  102  11:14  Zergling x18  
  102  11:15  Zergling x4  
  113  11:21  Zerg Ground Armor Level 1  
  113  11:22  Zerg Missile Weapons Level 2  
  113  11:29  Hydralisk x5  
  113  11:32  Hydralisk x3  
  127  11:38  Zergling x4  
  127  11:39  Zergling x2  
  132  11:42  Ravager x4  
  132  11:43  Ravager x3  
  139  12:03  Drone  
  139  12:04  Drone x3  
  139  12:05  Drone  
  139  12:07  Extractor  
  143  12:09  Hydralisk x5  
  153  12:16  Zergling x6  
  153  12:17  Zergling x16  
  153  12:21  Drone x6  
  170  12:28  Drone x3  
  170  12:29  Drone x2  
  175  12:47  Zergling x4, Roach  
  175  12:48  Zergling x12  
  175  12:49  Zergling x8  
  92  13:20  Pneumatized Carapace  
  92  13:23  Zergling x2  
  92  13:24  Zergling x10  
  92  13:25  Zergling x4  
  92  13:26  Roach x9  
  92  13:27  Roach x2  
Show
View Real Time Build Order
Export as new Build Order

Mesrob Terran - Winner!

Build Orders: Mech 

Get SALT Encoding   

  12  0:01  SCV  
  13  0:13  SCV  
  14  0:18  Supply Depot  
  14  0:26  SCV  
  15  0:39  SCV  
  15  0:42  Barracks  
  16  0:50  Refinery  
  16  0:51  SCV  
  17  1:03  SCV  
  18  1:16  SCV  
  19  1:28  Orbital Command  
  19  1:41  Command Center  
  19  1:45  Marine  
  20  1:57  Bunker  
  20  2:10  SCV  
  21  2:17  Factory  
  21  2:22  Barracks Tech Lab, SCV  
  22  2:27  Supply Depot  
  22  2:35  SCV  
  23  2:49  SCV  
  24  2:56  Supply Depot, Orbital Command  
  24  3:05  Engineering Bay  
  24  3:09  Siege Tank  
  24  3:11  Marine  
  28  3:14  SCV  
  28  3:17  Refinery  
  29  3:23  SCV  
  29  3:26  SCV  
  31  3:35  SCV  
  31  3:37  Refinery  
  32  3:47  SCV  
  36  3:48  Siege Tank  
  36  3:55  Command Center  
  36  3:57  Supply Depot  
  36  3:59  SCV  
  36  4:02  SCV  
  38  4:07  Marine  
  39  4:11  SCV  
  39  4:14  SCV  
  41  4:20  Siege Tank  
  41  4:22  Supply Depot  
  41  4:23  SCV  
  45  4:25  Factory  
  45  4:26  SCV  
  46  4:42  Missile Turret  
  46  4:44  SCV  
  46  4:45  SCV  
  48  4:49  Missile Turret  
  48  4:52  Siege Tank  
  51  4:56  SCV  
  52  5:00  SCV, Armory  
  53  5:08  SCV  
  53  5:12  SCV  
  53  5:13  Missile Turret  
  55  5:16  Marine  
  55  5:18  Factory Reactor  
  56  5:21  Factory  
  56  5:33  Missile Turret  
  56  5:35  SCV x2  
  58  5:41  Refinery  
  58  5:45  Missile Turret  
  58  5:47  SCV x2  
  58  5:48  Thor  
  66  5:56  Missile Turret  
  66  5:59  SCV x2  
  68  6:05  Planetary Fortress  
  68  6:06  Missile Turret  
  68  6:11  SCV  
  68  6:12  SCV  
  70  6:24  Factory Reactor, SCV x2  
  70  6:25  Hellbat x2  
  76  6:26  Missile Turret  
  76  6:35  Factory  
  76  6:46  Supply Depot, Missile Turret  
  76  6:59  SCV x2  
  76  7:00  SCV  
  79  7:08  Supply Depot  
  79  7:11  Refinery  
  79  7:13  Refinery, SCV  
  80  7:16  Thor  
  80  7:17  Hellbat x3  
  80  7:20  Factory  
  80  7:21  Factory Tech Lab  
  92  7:25  SCV  
  92  7:26  Supply Depot  
  92  7:28  Terran Vehicle Weapons Level 1  
  95  7:30  Hellbat, Supply Depot  
  95  7:31  Armory  
  95  7:38  SCV  
  96  7:47  Thor  
  96  7:48  Supply Depot  
  96  7:50  SCV  
  103  7:55  Supply Depot  
  103  8:06  SCV  
  104  8:13  Thor  
  104  8:15  Hellbat x4  
  104  8:18  SCV  
  104  8:19  Supply Depot  
  118  8:36  Factory Reactor  
  118  8:37  Command Center  
  118  8:38  Factory  
  118  8:42  Supply Depot  
  118  8:47  Factory  
  118  8:51  Thor  
  118  8:53  Hellbat x4  
  132  8:55  Thor  
  138  9:14  Sensor Tower  
  138  9:21  SCV x2  
  138  9:22  Terran Vehicle And Ship Armor Level 1, SCV  
  141  9:31  Factory Tech Lab  
  141  9:33  Factory Tech Lab, SCV x2  
  141  9:34  Hellbat x2  
  141  9:35  Hellbat  
  149  9:41  Supply Depot  
  149  9:43  Supply Depot  
  149  9:44  Sensor Tower  
  149  9:49  Hellbat x3, Thor  
  149  9:52  Missile Turret  
  161  9:57  Planetary Fortress  
  161  10:00  SCV x2  
  161  10:04  Supply Depot  
  161  10:05  SCV  
  161  10:06  Supply Depot  
  164  10:12  SCV x2  
  164  10:13  Missile Turret, Thor  
  172  10:18  Sensor Tower  
  172  10:27  Supply Depot  
  172  10:29  SCV  
  172  10:35  Missile Turret  
  173  10:41  Thor x3  
  163  10:43  Hellbat x2  
  142  10:50  Supply Depot  
  142  10:55  Thor  
  139  10:57  Missile Turret  
  139  11:05  Hellbat x4  
  139  11:06  Hellbat  
  149  11:17  Missile Turret  
  149  11:24  Thor x2  
  161  11:31  Hellbat x3  
  161  11:32  Hellbat x3  
  173  11:33  Refinery  
  173  11:40  Factory  
  173  11:45  Thor  
  173  11:47  Thor  
  179  11:52  Hellbat  
  187  11:59  Refinery  
  187  12:13  Command Center  
  187  12:19  Command Center  
  187  12:24  Factory  
  187  12:36  Infernal Pre-Igniter  
  187  12:38  Smart Servos  
  187  12:41  Thor x2  
  187  12:42  Factory Tech Lab  
  182  13:09  Thor x3  
  182  13:11  Hellbat x5  
  182  13:12  Hellbat  
  186  13:24  Thor x2  
Tags
 
Composition
MechRoach Hydra
Matchup
TvZ
Replay Pack
sc2 replays
Spawn Locations
Cross Positions
Add a new tag
Caveats
  • Supply blocks, unpowered buildings, or Contaminate may cause inaccurate times.
  • Supply counts are checked every 10 seconds.